 Dungeon Crawl Stone Soup version 0.29.1-12-g30fa7ad0bf (webtiles) character file.

Game seed: 11985856526572614647

72 javelincjr the Chopper (level 4, -10/60 HPs)
             Began as a Hill Orc Fighter on Dec 20, 2022.
             Killed by divine providence
             ... invoked by an orc priest
              (13 damage)
             ... on level 3 of the Dungeon.
             The game lasted 00:05:17 (2504 turns).

javelincjr the Chopper (Hill Orc Fighter)           Turns: 2504, Time: 00:05:17

Health: -10/60     AC:  9    Str: 18    XL:     4   Next: 26%
Magic:  4/4        EV:  6    Int:  8    God:
Gold:   193        SH:  0    Dex: 12    Spells: 3/3 levels left

rFire   . . .      SeeInvis .   a - +0 war axe
rCold   . . .      Faith    .   c - +0 buckler
rNeg    . . .      Spirit   .   r - +0 chain mail
rPois   .          Reflect  .   (no helmet)
rElec   .          Harm     .   (no cloak)
rCorr   .          Rampage  .   (no gloves)
Will    .....                   (no boots)
Stlth   ..........              (no amulet)
HPRegen 0.20/turn               (no ring)
MPRegen 0.09/turn               (no ring)

@: confused, berserking, attractive, hasted, very quick
A: no striking features
a: Convert to Beogh


You were on level 3 of the Dungeon.
You visited 1 branch of the dungeon, and saw 3 of its levels.

You collected 193 gold pieces.

Inventory:

Hand Weapons
 a - a +0 war axe (weapon)
Armour
 b - a +0 scale mail
 c - a +0 buckler (worn)
 r - a +0 chain mail (worn)
Magical Staves
 v - a staff of fire
Jewellery
 t - a +4 ring of protection
Wands
 p - a wand of flame (13)
Scrolls
 e - 2 scrolls of butterflies {unknown}
 f - a scroll of enchant armour {unknown}
 h - a scroll of immolation {unknown}
 i - a scroll of noise {unknown}
 j - 3 scrolls of identify {unknown}
 q - 2 scrolls of teleportation {unknown}
Potions
 d - a potion of might
 g - a potion of haste
 m - a potion of curing {unknown}
 n - a potion of degeneration {unknown}
 o - a potion of heal wounds {unknown}
 s - a potion of invisibility {unknown}
 u - a potion of magic {unknown}


   Skills:
 + Level 4.1 Fighting
 + Level 4.3 Axes
 + Level 4.0 Armour
 + Level 0.1 Stealth
 + Level 3.4 Shields


You had 3 spell levels left.
You didn't know any spells.
Your spell library was empty.

Dungeon Overview and Level Annotations

Branches:
Dungeon (3/15)

Altars:
Gozag


Message History

The orc wizard is heavily wounded.
You hit the orc priest but do no damage.
You block the orc wizard's attack.
The orc priest threatens, "By the altar or by the axe, you will meet Beogh!"
The orc priest hits you with a +0 dagger.
* * * LOW HITPOINT WARNING * * *
You barely miss the orc priest.
The orc priest threatens, "By the altar or by the axe, you will meet Beogh!"
You hit the orc wizard. The orc wizard casts a spell at you.
You resist with some effort.
The orc priest hits you but does no damage. x2
The orc wizard hits you but does no damage.
You barely miss the orc priest. You barely miss the orc wizard.
The orc wizard points at you and mumbles some strange words.
You are confused.
The orc priest mumbles some strange prayers to Beogh against you.
Beogh smites you!
* * * LOW HITPOINT WARNING * * *
You bump into the rock wall.
The orc wizard hits you but does no damage.
The orc priest closely misses you.
It was a potion of haste.
You feel yourself speed up. The orc wizard barely misses you.
The orc priest threatens, "By the altar or by the axe, you will meet Beogh!"
The orc priest hits you but does no damage.
It was a potion of attraction.
You feel attractive to monsters.
The orc wizard hits you but does no damage.
The orc priest hits you but does no damage.
It was a potion of berserk rage.
A red film seems to cover your vision as you go berserk!
You feel yourself moving faster!
You feel mighty!
Unknown command.
You bump into the rock wall.
You feel a strong urge to attack something.
The orc wizard hits you but does no damage.
The orc priest calls down the wrath of Beogh upon you.
Beogh smites you!
You die...

#.. ##.. ⌠#..# .##
...#.^## # ...#..# #.##
#..#.## #..# ##
...####.#..######.#####.
......o@.#...>......##..
......o#......#.......).
.......#................
........................
........................
........................
...(..........[.........
#..$........†...........
....................#.


You could see an orc priest and an orc wizard.

Vanquished Creatures
  An adder (D:2)
  2 dart slugs (D:1)
  2 orcs (D:3)
  3 ball pythons
  3 endoplasms
  3 giant cockroaches
  3 goblins
  5 hobgoblins
  7 jackals
  4 kobolds
  6 quokkas
  4 bats
  2 frilled lizards (D:1)
  4 rats
49 creatures vanquished.

Notes
Turn   | Place    | Note
-------+----------+-------------------------------------------
     0 | D:1      | javelincjr the Hill Orc Fighter began the quest for the
                  | Orb.
     0 | D:1      | Reached XP level 1. HP: 19/19 MP: 1/1
   242 | D:1      | Reached XP level 2. HP: 19/27 MP: 2/2
   688 | D:1      | Reached XP level 3. HP: 28/33 MP: 3/3
  1632 | D:2      | Found an opulent altar of Gozag.
  1767 | D:2      | Reached XP level 4. HP: 37/40 MP: 4/4
  2499 | D:3      | HP: 1/40 [orc priest/divine providence (11)]
  2504 | D:3      | Killed from afar by an orc priest

Illustrated notes

Levels and vault maps discovered:
D:1:      saegor_arrival_simple_d, layout_loops_ring, kennysheep_small_spiral
D:2:      layout_basic, basic_altar
D:3:      layout_rooms, serial_shops, nicolae_shop_trees,
          hellmonk_ghost_happy_afterlife

Skill      XL: |  1  2  3  4 |
---------------+-------------+-----
Fighting       | 4 |  4.1
Axes           | 3 4 |  4.3
Armour         | 4 |  4.0
Stealth        | |  0.1
Shields        | |  3.4

Action                   |  1- 3 |  4- 6 || total
-------------------------+-------+-------++-------
Melee: War axe           |   117 |    28 ||   145
  Use: Potion            |       |     3 ||     3
Armor: Scale mail        |    53 |     3 ||    56
       Chain mail        |       |    18 ||    18
Dodge: Dodged            |    53 |     9 ||    62
Block: Buckler           |    31 |     6 ||    37
